 Dungeon Crawl Stone Soup version 0.30.0-29-ga12c61a403 (webtiles) character file.

Game seed: 389138986586722557

44 Fodor the Shield-Bearer (level 3, -3/33 HPs)
             Began as a Minotaur Fighter on June 25, 2023.
             Slain by an orc
             ... wielding the +8 whip of Qazlal, Telling {freeze, Str+3}
              (9 damage)
             ... on level 2 of the Dungeon.
             The game lasted 00:03:22 (552 turns).

Fodor the Shield-Bearer (Minotaur Fighter)           Turns: 552, Time: 00:03:22

Health: -3/33      AC:  8    Str: 22    XL:     3   Next: 41%
Magic:  2/2        EV:  9    Int:  5    God:
Gold:   142        SH:  4    Dex:  9    Spells: 2/2 levels left

rFire   . . .        g - +0 war axe
rCold   + . .        c - +0 buckler
rNeg    . . .        b - +0 scale mail
rPois   .            (helmet restricted)
rElec   .            (no cloak)
rCorr   .            (no gloves)
SInv    .            f - +0 pair of boots
Will    .....        (no amulet) Stlth
                     e - ring of protection from cold
HPRegen 0.25/turn    (no ring)
MPRegen 0.08/turn

%: no passive effects
@: no status effects
A: horns 2, retaliatory headbutt
a: no special abilities


You were on level 2 of the Dungeon.
You visited 1 branch of the dungeon, and saw 2 of its levels.

You collected 142 gold pieces.

Inventory:

Hand Weapons
 g - a +0 war axe (weapon)
 i - a +0 sling
Armour
 b - a +0 scale mail (worn)
 c - a +0 buckler (worn)
 f - a +0 pair of boots (worn)
Jewellery
 e - a ring of protection from cold (left hand)
Scrolls
 h - a scroll of enchant armour {unknown}
 j - a scroll of vulnerability {unknown}
 k - a scroll of immolation {unknown}
 l - a scroll of teleportation {unknown}
Potions
 a - 2 potions of mutation {unknown}
 d - a potion of might


   Skills:
 + Level 4.0 Fighting
 + Level 3.2 Long Blades
 + Level 0.2 Axes
 + Level 4.1 Armour
 + Level 0.1 Dodging
 + Level 4.1 Shields


You had 2 spell levels left.
You didn't know any spells.
Your spell library contained the following spells:

 Spells                   Type           Power      Damage    Failure   Level
 Foxfire                  Conj/Fire      0%         2x1d4     86%         1
 Ignite Poison            Fire/Tmut/Pois 0%         N/A       99%         3
 Sticky Flame             Conj/Fire      0%         2d3       100%        4
 Fireball                 Conj/Fire      0%         3d3       100%        5
 Plasma Beam              Fire/Air       0%         2x1d11    100%        6
 Simulacrum               Ice/Necr       0%         N/A       100%        6
 Starburst                Conj/Fire      0%         6d3       100%        6
 Ozocubu's Refrigeration  Ice            0%         4d7       100%        7
 Ignition                 Fire           0%         3d3       100%        8
 Polar Vortex             Ice            0%         N/A       100%        9


Dungeon Overview and Level Annotations

Branches:
Dungeon (2/15)

Altars:

Shops:
D:1 =


Innate Abilities, Weirdness & Mutations

You have a pair of horns on your head.
You reflexively headbutt those who attack you in melee.


Message History

The orc attacks as you move away!
The orc hits you with the +8 whip of Qazlal, Telling {freeze, Str+3}!
The orc hits you with a +0 dagger.
You hit the orc.
The orc is heavily wounded.
You block the orc's attack. The orc hits you with a +0 dagger.
You slash the orc!
You kill the orc!
You closely miss the kobold. Your headbutt misses the kobold.
You block the kobold's attack. The kobold hits you with a +0 dagger.
You barely miss the kobold. Your headbutt misses the kobold.
The kobold hits you but does no damage.
You miss the kobold.
The kobold hits you but does no damage. x2
You closely miss the kobold.
The kobold hits you but does no damage. x2
You miss the kobold. The kobold hits you but does no damage.
You closely miss the kobold. The kobold hits you but does no damage.
The kobold barely misses you.
You hit the kobold but do no damage.
You headbutt the kobold, but do no damage.
The kobold hits you but does no damage.
You miss the kobold. The kobold barely misses you. You furiously retaliate!
You headbutt the kobold!
You kill the kobold!
You barely miss the quokka. The quokka misses you.
You block the quokka's attack.
You barely miss the quokka. You headbutt the quokka.
You kill the quokka!
Your Fighting skill increases to level 4!
You hit the worm.
The worm is moderately wounded.
The worm bites you!
You slash the worm! You headbutt the worm.
The worm is almost dead.
The worm bites you.
* * * LOW HITPOINT WARNING * * *
You hit the worm.
You kill the worm!
You barely miss the orc. Your headbutt misses the orc.
The orc hits you with the +8 whip of Qazlal, Telling {freeze, Str+3}!
You die...

##.#...#### #
#....w....#.#
#...........#
#.....)...#
#.).# #.r.#
#...# ##.### .#
#.o@# .# ###)#
.# ♣.♣ ###.#
###♣♣.♣♣#......#
#.........# #..#
#.#♣♣.♣♣#####..#
♣.♣ #......#
#.####.##.##
#......##.#


You could see an orc.

Vanquished Creatures
  A worm (D:2)
  3 orcs (D:2)
  2 ball pythons (D:1)
  5 endoplasms
  A goblin (D:1)
  3 hobgoblins
  6 kobolds
  2 quokkas
  4 bats
  4 frilled lizards (D:1)
  5 rats
36 creatures vanquished.

Notes
Turn   | Place    | Note
-------+----------+-------------------------------------------
     0 | D:1      | Fodor the Minotaur Fighter began the quest for the Orb.
     0 | D:1      | Reached XP level 1. HP: 19/19 MP: 0/0
   130 | D:1      | Reached XP level 2. HP: 21/27 MP: 1/1
   372 | D:1      | Found Terutinli's Jewellery Shoppe.
   459 | D:2      | Reached XP level 3. HP: 33/33 MP: 2/2
   526 | D:2      | Identified the +8 whip of Qazlal, Telling {freeze, Str+3}
   552 | D:2      | Slain by an orc

Illustrated notes

Levels and vault maps discovered:
D:1:      amcnicky_arrival_flooded_fountain, layout_rooms, serial_shops,
          nicolae_square_shop, minmay_pentomino_s2
D:2:      layout_loops_ring, basic_altar, minmay_tree_intersection, uniq_natasha

Skill      XL: |  1  2  3 |
---------------+----------+-----
Shields        | 4 |  4.1
Long Blades    | 3 |  3.2
Armour         | 4 |  4.1
Fighting       | 4 |  4.0
Axes           | |  0.2
Dodging        | |  0.1

Action                     || total
---------------------------++-------
  Melee: Long sword        ||    12
         War axe           ||    60
         Headbutt          ||     7
 Armour: Scale mail        ||    60
  Dodge: Dodged            ||    34
  Block: Buckler           ||    20
